 Dungeon Crawl Stone Soup version 0.29-a0-598-gd8304a5bf4 (webtiles) character file.

Game seed: 9396699641277951502

821 vineage the Skirmisher (level 7, -5/47 HPs)
             Began as a Gargoyle Fighter on June 15, 2022.
             Slain by an orc
             ... wielding a +0 flail
              (6 damage)
             ... on level 4 of the Dungeon.
             The game lasted 00:05:11 (5444 turns).

vineage the Skirmisher (Gargoyle Fighter)           Turns: 5444, Time: 00:05:12

Health: -5/47      AC: 12    Str: 22    XL:     7   Next: 95%
Magic:  7/7        EV:  9    Int:  8    God:
Gold:   174        SH:  4    Dex:  9    Spells: 6/6 levels left

rFire   . . .      SeeInvis .   a - +0 flail
rCold   . . .      Faith    .   c - +0 buckler
rNeg    + . .      Spirit   .   b - +0 scale mail
rPois   ∞          Reflect  .   (no helmet)
rElec   +          Harm     .   (no cloak)
rCorr   .          Rampage  .   (no gloves)
Will    .....                   (no boots)
Stlth   ..........              (no amulet)
HPRegen 0.15/turn               (no ring)
MPRegen 0.10/turn               (no ring)

@: studying Stealth
A: sickness immunity, AC +4, negative energy resistance 1, electricity
resistance, torment resistance 1, petrification resistance
a: no special abilities


You were on level 4 of the Dungeon.
You visited 1 branch of the dungeon, and saw 4 of its levels.

You collected 174 gold pieces.

Inventory:

Hand Weapons
 a - a +0 flail (weapon)
Armour
 b - a +0 scale mail (worn)
 c - a +0 buckler (worn)
Jewellery
 f - a ring of protection from cold
Scrolls
 e - a scroll of amnesia {unknown}
 g - a scroll of immolation {unknown}
 h - 3 scrolls of identify
 i - 3 scrolls of teleportation
 l - a scroll of enchant armour {unknown}
 m - a scroll of enchant weapon {unknown}
 n - a scroll of noise {unknown}
 o - a scroll of fear {unknown}
Potions
 d - a potion of attraction
 j - a potion of cancellation
 k - a potion of heal wounds {unknown}


   Skills:
 * Level 6.3 Fighting
 * Level 5.3 Maces & Flails
 + Level 5.0 Armour
 + Level 4.9 Shields


You had 6 spell levels left.
You didn't know any spells.
Your spell library contained the following spells:

 Spells                   Type           Power      Damage    Failure   Level
 Borgnjor's Revivificati  Necr           0%         N/A       100%        8
 Necromutation            Tmut/Necr      0%         N/A       100%        8
 Death's Door             Necr           0%         N/A       100%        9


Dungeon Overview and Level Annotations

Branches:
Dungeon (4/15)
 Temple: D:4-7

Altars:
Makhleb
Ru

Annotations:
D:3 1 runed translucent door, gabibbone's ghost, amateur DsEE


Innate Abilities, Weirdness & Mutations

You are immune to sickness and miasma.
Your stone body is resilient. (AC +4)
You are immune to poison.
You resist negative energy. (rN+)
You are resistant to electric shocks. (rElec)
You are resistant to unholy torment.
You are immune to petrification.


Message History

You closely miss the gnoll.
The gnoll is almost dead.
The gnoll hits you with a +0 flail! The gnoll closely misses you.
You are too injured to fight recklessly!
You are too injured to fight recklessly!
You are too injured to fight recklessly!
You are too injured to fight recklessly!
You are too injured to fight recklessly!
You are too injured to fight recklessly!
You are too injured to fight recklessly!
You are too injured to fight recklessly!
You are too injured to fight recklessly!
You are too injured to fight recklessly!
You are too injured to fight recklessly!
You hit the gnoll.
You kill the gnoll!
The gnoll hits you but does no damage. The gnoll barely misses you.
You see here a +0 flail.
You barely miss the gnoll. The gnoll hits you with a +0 spear.
You sock the gnoll!
The gnoll is severely wounded.
The gnoll completely misses you.
You closely miss the gnoll.
The gnoll is severely wounded.
You block the gnoll's attack. The gnoll hits you but does no damage.
You thump the gnoll!
You kill the gnoll!
You barely miss the orc. The orc barely misses you.
You closely miss the orc.
The gnoll hits you from afar with a +0 halberd!
* * * LOW HITPOINT WARNING * * *
The orc hits you with a +0 flail.
* * * LOW HITPOINT WARNING * * *
You barely miss the orc. The gnoll hits you but does no damage.
The orc barely misses you.
You closely miss the orc. The orc hits you with a +0 flail!
* * * LOW HITPOINT WARNING * * *
The gnoll hits you but does no damage. The orc hits you with a +0 flail.
You die...

≈≈###+# '..' ≈≈≈.#
#######''###### ≈≈≈.#
..............o ≈≈≈.#
............... ≈≈≈.#
...?........... ≈≈≈.#
.g........o.... ≈≈≈.# # ##''##
≈≈≈.# .#..#######.)..#######
≈≈≈.#.# .'..'...@og....'.....+
≈≈###'# .#..#######....#######
≈≈#...#############)'''##########
≈≈#ggo#......)...................
≈≈#####≈≈≈≈≈≈)≈≈≈≈≈....≈≈≈≈≈≈≈≈≈≈
≈≈≈≈≈≈≈≈≈≈≈≈≈≈≈≈≈≈≈....≈≈≈≈≈≈≈≈≈≈
≈≈≈≈≈≈≈≈≈≈≈≈≈≈≈≈≈≈≈....≈≈≈≈≈≈≈≈≈≈
.P................../.)..........
.##########.##.##[###.##.########


You could see a gnoll and an orc.

Vanquished Creatures
  Sigmund (D:2)
  A phantom (D:4)
  A kobold brigand (D:4)
  A howler monkey (D:4)
  2 hounds (D:4)
  An orc priest (D:4)
  An iguana (D:4)
  Natasha (thrice) (D:4)
  An orc wizard (D:4)
  5 adders
  11 gnolls (D:4)
  A worm (D:4)
  18 orcs
  7 bats
  5 endoplasms
  2 giant cockroaches
  5 goblins
  2 hobgoblins
  12 jackals (D:4)
  7 kobolds
  6 quokkas
  8 ball pythons
  6 frilled lizards
  3 rats
110 creatures vanquished.

Vanquished Creatures (others)
  2 plants (D:4)
2 creatures vanquished.

Grand Total: 112 creatures vanquished

Notes
Turn   | Place    | Note
-------+----------+-------------------------------------------
     0 | D:1      | vineage the Gargoyle Fighter began the quest for the Orb.
     0 | D:1      | Reached XP level 1. HP: 14/14 MP: 1/1
   120 | D:1      | Reached XP level 2. HP: 19/19 MP: 2/2
   906 | D:2      | Reached XP level 3. HP: 24/24 MP: 3/3
  1093 | D:2      | Noticed Sigmund
  1104 | D:2      | Killed Sigmund
  1105 | D:2      | Reached skill level 4 in Fighting
  1105 | D:2      | Reached XP level 4. HP: 4/30 MP: 4/4
  1105 | D:2      | Reached XP level 5. HP: 5/34 MP: 5/5
  2226 | D:3      | Reached XP level 6. HP: 39/40 MP: 6/6
  2367 | D:3      | Found a runed translucent door.
  2372 | D:3      | Noticed gabibbone's ghost (amateur DsEE)
  2582 | D:3      | Found a sacrificial altar of Ru.
  2588 | D:3      | Reached skill level 5 in Fighting
  2812 | D:3      | You fall into a shaft and drop 1 floor!
  2951 | D:4      | Found a burning altar of Makhleb.
  3196 | D:4      | HP: 1/40 [gnoll/+0 halberd (3)]
  3218 | D:4      | HP: 2/40 [gnoll/+0 halberd (2)]
  3637 | D:4      | Reached XP level 7. HP: 32/44 MP: 7/7
  3911 | D:4      | Noticed Natasha
  3921 | D:4      | Killed Natasha
  4230 | D:4      | HP: 2/45 [gnoll/+0 halberd (6)]
  4584 | D:4      | Reached skill level 6 in Fighting
  5001 | D:4      | Reached skill level 5 in Maces & Flails
  5036 | D:4      | Reached skill level 5 in Armour
  5248 | D:4      | Noticed Natasha
  5259 | D:4      | Killed Natasha
  5323 | D:4      | Noticed Natasha
  5336 | D:4      | Killed Natasha
  5444 | D:4      | HP: 1/47 [orc/+0 flail (7)]
  5444 | D:4      | Slain by an orc

Illustrated notes

Levels and vault maps discovered:
D:1:      saegor_arrival_simple_a, layout_loops_cross
D:2:      layout_loops_ring, uniq_sigmund
D:3:      layout_basic, nicolae_ru_awakened_eye, gammafunk_ghost_grave,
          due_unseen_surprise
D:4:      lemuel_castle_with_subvaults [lemuel_castle_interior_original],
          layout_loops_corners, bloody_makhleb, nicolae_shop_unique_rings,
          minmay_manual_maat, uniq_natasha

Skill      XL: |  1  2  3  4  5  6  7 |
---------------+----------------------+-----
Fighting       | 4 5 6 |  6.3
Maces & Flails | 3 4 5 |  5.3
Armour         | 4 5 |  5.0
Shields        | 4 |  4.9

Action                   |  1- 3 |  4- 6 |  7- 9 || total
-------------------------+-------+-------+-------++-------
Melee: Flail             |   113 |   146 |   173 ||   432
       Unarmed           |       |       |     3 ||     3
  Use: Potion            |     1 |     5 |       ||     6
       Scroll            |       |     2 |       ||     2
Armor: Scale mail        |    75 |    89 |    89 ||   253
       Skin              |       |       |     3 ||     3
Dodge: Dodged            |    82 |    74 |    83 ||   239
Block: Buckler           |    23 |    34 |    40 ||    97

Table legend: (Time is in decaauts)
 A = Elapsed time spent in this place.
 B = Non-inter-level travel time spent in this place.
 C = Inter-level travel time spent in this place.
 D = Time resting spent in this place.
 E = Time spent auto-exploring this place.
 F = Levels seen in this place.
 G = Mean time per level.
                   A        B        C        D        E       F      G
               +--------+--------+--------+--------+--------+-----+--------+
         Total |   5555 |   5502 |     53 |    965 |   3550 |   4 | 1388.8 |
       Dungeon |   5555 |   5502 |     53 |    965 |   3550 |   4 | 1388.8 |
               +--------+--------+--------+--------+--------+-----+--------+

Top non-repeatable levels by time:
     D:4: 2684 daAuts
     D:2: 1269 daAuts
     D:1: 924 daAuts
     D:3: 676 daAuts
